 Dungeon Crawl Stone Soup version 0.31-a0-128-g25add195a6 (webtiles) character file.

Game seed: 16204454527231225693

98 senseless the Shooter (level 5, 0/32 HPs)
             Began as a Kobold Hunter on June 1, 2023.
             Slain by a gnoll
             ... wielding a +0 flail
              (8 damage)
             ... on level 2 of the Dungeon.
             The game lasted 00:03:39 (1595 turns).

senseless the Shooter (Kobold Hunter)               Turns: 1595, Time: 00:03:39

Health: 0/32       AC:  4    Str:  8    XL:     5   Next: 0%
Magic:  5/5        EV: 15    Int: 10    God:
Gold:   62         SH:  0    Dex: 21    Spells: 4/4 levels left

rFire   . . .        b - +2 dagger (protect)
rCold   . . .        (no shield)
rNeg    . . .        c - +0 leather armour
rPois   +            (no helmet)
rElec   .            h - +0 cloak
rCorr   .            (no gloves)
SInv    .            (no boots)
Will    .....        (no amulet)
Stlth   +++          f - ring of poison resistance
HPRegen 0.25/turn    (no ring)
MPRegen 0.09/turn

%: no passive effects
@: no status effects
A: small, no large weapons, nightstalker 3
a: no special abilities


You were on level 2 of the Dungeon.
You visited 1 branch of the dungeon, and saw 2 of its levels.

You collected 62 gold pieces.

Inventory:

Hand Weapons
 a - a +0 shortbow
 b - a +2 dagger of protection (weapon)
Armour
 c - a +0 leather armour (worn)
 h - a +0 cloak (worn)
Jewellery
 f - a ring of poison resistance (left hand)
Scrolls
 e - a scroll of butterflies
 i - 3 scrolls of identify {unknown}
 j - a scroll of teleportation {unknown}
Potions
 d - 2 potions of heal wounds {unknown}
 g - a potion of haste {unknown}
 k - a potion of might {unknown}


   Skills:
 + Level 3.0 Fighting
 + Level 2.0 Short Blades
 + Level 5.9 Ranged Weapons
 + Level 3.4 Dodging
 + Level 3.0 Stealth


You had 4 spell levels left.
You didn't know any spells.
Your spell library contained the following spells:

 Spells                   Type           Power      Damage    Failure   Level
 Lesser Beckoning         Tloc           0%         N/A       63%         2
 Gell's Gravitas          Tloc           0%         N/A       86%         3
 Summon Guardian Golem    Hex/Summ       0%         N/A       86%         3
 Teleport Other           Tloc           0%         N/A       86%         3
 Orb of Destruction       Conj           0%         9d5       100%        7
 Spellforged Servitor     Conj/Summ      0%         N/A       100%        7


Dungeon Overview and Level Annotations

Branches:
Dungeon (2/15)

Altars:


Innate Abilities, Weirdness & Mutations

You are small and have problems with some larger weapons.
You are completely attuned to the shadows.


Message History

The arrow hits the gnoll but does no damage.
The gnoll is moderately wounded.
The gnoll misses you.
You shoot an arrow. The arrow hits the gnoll!
You kill the gnoll!
Your Fighting skill increases to level 3!
Your Short Blades skill increases to level 2!
Your Stealth skill increases to level 3!
You have reached level 5!
You feel agile.
You shoot an arrow. The arrow hits the gnoll.
The gnoll is lightly wounded.
The gnoll hits you from afar with a +3 halberd of protection!
You shoot an arrow. The arrow hits the gnoll.
The gnoll is lightly wounded.
The gnoll barely misses you.
You shoot an arrow. The arrow closely misses the gnoll.
The arrow hits the gnoll but does no damage.
The gnoll closely misses you.
You shoot an arrow.
The arrow hits the gnoll but does no damage.
You shoot an arrow. The arrow barely misses the gnoll.
The arrow hits the gnoll!
The gnoll is severely wounded.
The gnoll barely misses you.
You shoot an arrow. The arrow hits the gnoll.
The gnoll is heavily wounded.
The gnoll misses you. The gnoll hits you with a +0 flail.
Your +2 dagger of protection hums with potential!
b - a +2 dagger of protection (weapon)
The gnoll hits you but does no damage.
The gnoll hits you from afar with a +3 halberd of protection!
* * * LOW HITPOINT WARNING * * *
You are too injured to fight recklessly!
The gnoll attacks as you move away! The gnoll barely misses you.
The gnoll attacks as you move away! The gnoll closely misses you.
The gnoll attacks as you move away! The gnoll hits you with a +0 flail.
* * * LOW HITPOINT WARNING * * *
The gnoll attacks as you move away! The gnoll hits you with a +0 flail!
You die...

#.......# ##.##### ##.....#
#.# ##...## #.# ##.## ##'##
#.# ##...## # #.####
##.....## # #.##.##
##.......## #
..######.....####.........###
.....)..gg.g@...'.........'.>
#g########...####.........###
##.## ##.......## # #.#
##.....## # #.# ##...## #
#.#########'## #.##........#
#.##.#####..####### #.##.#
#........#


You could see 3 gnolls.

Vanquished Creatures
  5 gnolls
  An adder (D:2)
  2 dart slugs
  6 ball pythons (D:1)
  3 endoplasms (D:1)
  A giant cockroach (D:1)
  3 goblins (D:1)
  A hobgoblin (D:2)
  A quokka (D:1)
  5 bats (D:1)
  2 frilled lizards
  4 kobolds
  2 rats (D:1)
36 creatures vanquished.

Notes
Turn   | Place    | Note
-------+----------+-------------------------------------------
     0 | D:1      | senseless the Kobold Hunter began the quest for the Orb.
     0 | D:1      | Reached XP level 1. HP: 12/12 MP: 1/1
   187 | D:1      | Reached XP level 2. HP: 18/18 MP: 2/2
   709 | D:1      | Reached XP level 3. HP: 22/22 MP: 3/3
   809 | D:1      | Reached skill level 1 in Short Blades
  1105 | D:1      | Reached XP level 4. HP: 11/27 MP: 4/4
  1583 | D:2      | Reached XP level 5. HP: 32/32 MP: 5/5
  1595 | D:2      | Slain by a gnoll

Illustrated notes

Levels and vault maps discovered:
D:1:      lemuel_arrival_broad_hall, layout_loops_corners
D:2:      layout_loops_corners

Skill      XL: |  1  2  3  4 |
---------------+-------------+-----
Stealth        | 2 3 |  3.0
Short Blades   | 1 2 |  2.0
Dodging        | 3 |  3.4
Fighting       | 3 |  3.0
Ranged Weapons | |  5.9

Action                     |  1- 3 |  4- 6 || total
---------------------------+-------+-------++-------
  Melee: Dagger            |    41 |    25 ||    66
   Fire: Shortbow          |    16 |    15 ||    31
   Stab: Sleeping          |    15 |     1 ||    16
 Armour: Leather armour    |    10 |    10 ||    20
  Dodge: Dodged            |    31 |    28 ||    59

Table legend: (Time is in decaauts)
 A = Elapsed time spent in this place.
 B = Non-inter-level travel time spent in this place.
 C = Inter-level travel time spent in this place.
 D = Time resting spent in this place.
 E = Time spent auto-exploring this place.
 F = Levels seen in this place.
 G = Mean time per level.
                   A        B        C        D        E       F      G
               +--------+--------+--------+--------+--------+-----+--------+
         Total |   1588 |   1484 |    104 |    141 |   1083 |   2 |  794.0 |
       Dungeon |   1588 |   1484 |    104 |    141 |   1083 |   2 |  794.0 |
               +--------+--------+--------+--------+--------+-----+--------+

Top non-repeatable levels by time:
     D:1: 1203 daAuts
     D:2: 384 daAuts
